 Dungeon Crawl Stone Soup version 0.20-a0-151-g755e310 (webtiles) character file.

10824 KristoblXynda the Carver (level 11, -12/82 HPs)
             Began as a Black Draconian Fighter on Nov 22, 2016.
             Was an Elder of Cheibriados.
             Mangled by a hill giant
             ... wielding a +0 giant club
              (35 damage)
             ... on level 11 of the Dungeon.
             The game lasted 00:21:50 (9542 turns).

KristoblXynda the Carver (Black Draconian Fighter)  Turns: 9542, Time: 00:21:51

Health: -12/82     AC: 10    Str: 28    XL:     11   Next: 41%
Magic:  0/16       EV: 18    Int: 21    God:    Cheibriados [****..]
Gold:   603        SH: 14    Dex: 24    Spells: 4/10 levels left

rFire  + . .     SeeInvis .     v - +2 long sword
rCold  . . .     Gourm    .     (armour unavailable)
rNeg   . . .     Faith    .     b - +0 shield
rPois  .         Spirit   +     (helmet restricted)
rElec  +         Reflect  .     y - +1 cloak
rCorr  .         Harm     .     o - +0 pair of gloves
MR     .....                    (no boots)
Stlth  +++.......               m - amulet of guardian spirit
                                a - ring of stealth
                                D - ring of protection from fire

@: short of breath, very slow
A: breathe lightning, unfitting armour, agile 1, electricity resistance,
evolution 1, cold-blooded, subdued magic 1, AC +7
a: Breathe Lightning, Bend Time, Temporal Distortion, Slouch, Renounce Religion


You were on level 11 of the Dungeon.
You worshipped Cheibriados.
Cheibriados was greatly pleased with you.
You were not hungry.

You visited 3 branches of the dungeon, and saw 13 of its levels.
You also visited: Sewer.

You collected 632 gold pieces.
You spent 29 gold pieces at shops.

Inventory:

Hand Weapons
 v - a +2 long sword (weapon)
 B - a +1 hand axe of flaming
 H - a +0 scimitar
Missiles
 j - 2 throwing nets
 l - 8 javelins (quivered)
Armour
 b - a +0 shield (worn)
 o - a +0 pair of gloves (worn)
 y - a +1 cloak (worn)
Jewellery
 a - a ring of stealth (right hand)
 m - an amulet of guardian spirit (around neck)
 D - a ring of protection from fire (left hand)
Scrolls
 c - 2 scrolls of immolation
 f - 2 scrolls of teleportation
 k - a scroll of identify
 x - a scroll of remove curse
 C - a scroll of recharging
Potions
 h - a potion of brilliance
 i - a potion of curing
 n - a potion of flight
Books
 e - a book of Clouds

   Spells                             Type                      Level
   a - Mephitic Cloud                 Conjuration/Poison/Air       3
   b - Conjure Flame                  Conjuration/Fire             3
   c - Poisonous Cloud                Conjuration/Poison/Air       5
   d - Freezing Cloud                 Conjuration/Ice/Air          6
   e - Ring of Flames                 Charms/Fire                  7
Comestibles
 d - 8 bread rations
 g - 7 slices of pizza
 p - 7 meat rations
 I - 11 fruits


   Skills:
 - Level 3.2 Fighting
 + Level 10.8 Long Blades
 - Level 7.7 Dodging
 + Level 10.8 Shields
 + Level 7.4 Invocations


You had 4 spell levels left.
You knew the following spells:

 Your Spells              Type           Power        Failure   Level  Hunger
a - Regeneration          Chrm/Necr      #.........   82%         3    ####...
b - Spectral Weapon       Hex/Chrm       #.......     82%         3    ####...


Dungeon Overview and Level Annotations

Branches:
Dungeon (11/15)            Temple (1/1) D:6            Lair (1/6) D:9
    Orc: D:9-12

Altars:
Cheibriados
Dithmenos
Elyvilon
Fedhas
Gozag
Hepliaklqana
Ru
Sif Muna
Uskayaw
Vehumet
Xom
Zin

Shops:
D:10 (   D:11 *}:

Annotations:
D:11 McCoppin's ghost, journeyman HaHu


Innate Abilities, Weirdness & Mutations

You can breathe wild blasts of lightning.
Your glossy black scales are hard. (AC +7)
You cannot fit into any form of body armour.
You are resistant to electric shocks. (rElec)
You are cold-blooded and may be slowed by cold attacks.
You are agile. (Dex +2)
You evolve.
Your spells are a little easier to cast, but a little less powerful.


Message History

The orb of electricity engulfs the hill giant.
The hill giant appears unharmed.
The orb of electricity engulfs you! You resist.
* * * LOW HITPOINT WARNING * * *
You hear a mighty clap of thunder!
The bolt of lightning misses you. x2; You feel somewhat more hungry.
You hear a shout! x3; You hear a screech!
You hear a shout!
Unknown command.
You hit the hill giant. You tail-slap the hill giant.
The hill giant is lightly wounded.
The hill giant misses you.
You slash the hill giant!
Your tail-slap misses the hill giant.
The hill giant is moderately wounded.
The hill giant completely misses you.
You riposte.
You slash the hill giant!
Your tail-slap misses the hill giant.
The hill giant is heavily wounded.
You barely miss the hill giant.
The hill giant is heavily wounded.
The hill giant hits you with a giant club!!!
You die...

....#####............#
#...#####............#
#...#####............#
#...#####............#
....#####............#
.................##.##
....))).......#.##.##
.....([)......#####
............##.#@#
...........†..#C##
...............##
............####
............#
###.....##.##
###...####.# ###..#
.## ###.. .#


You could see a hill giant.

Vanquished Creatures
  A hydra (D:9)
  The ghost of KristoblXynda the Covert, a journeyman DrEn of Dithmenos (D:11)
  Sonja (D:10)
  4 hill giants
  2 centaur zombies
  The ghost of KristoblXynda the Shield-Bearer, a novice DgFi (D:4)
  A two-headed ogre (D:10)
  2 dream sheep (D:9)
  Sigmund (D:2)
  A shadow (D:11)
  A wraith (D:11)
  A wyvern (D:8)
  3 yaks
  A hungry ghost (D:9)
  2 porcupines (D:9)
  2 ice beasts
  4 orc warriors
  A sky beast (D:11)
  Purgy (Sewer)
  A phantom (D:4)
  6 ogres
  A centaur (D:6)
  A crocodile (D:10)
  2 bullfrogs
  6 big kobolds
  A wyvern zombie (D:9)
  2 gnoll sergeants
  3 scorpions
  3 killer bees (D:11)
  7 wights
  A howler monkey (D:5)
  7 crimson imps
  A bullfrog zombie (D:6)
  5 hounds
  2 orc priests
  5 jellies
  3 orc wizards
  2 bullfrog skeletons
  2 centaur skeletons
  3 iguanas
  3 worker ants
  A hound zombie (D:5)
  A hound skeleton (D:11)
  13 adders
  10 gnolls
  2 river rats (D:6)
  3 shadow imps
  3 oozes
  2 adder skeletons
  An adder zombie (D:6)
  4 worms
  A dart slug (D:2)
  6 leopard geckos
  24 orcs
  8 giant cockroaches
  6 goblins
  7 hobgoblins
  25 jackals
  22 kobolds
  5 quokkas
  7 bats
  9 frilled lizards
  A leopard gecko zombie (D:6)
  A quokka skeleton (D:4)
  9 rats
  A plant (D:9)
270 creatures vanquished.

Vanquished Creatures (others)
  A fungus (D:9)
1 creature vanquished.

Grand Total: 271 creatures vanquished

Notes
Turn   | Place    | Note
-------+----------+-------------------------------------------
     0 | D:1      | KristoblXynda the Draconian Fighter began the quest for the Orb.
     0 | D:1      | Reached XP level 1. HP: 19/19 MP: 1/1
   198 | D:1      | Reached XP level 2. HP: 25/26 MP: 2/2
   722 | D:1      | Reached XP level 3. HP: 25/31 MP: 3/3
   872 | D:2      | Reached XP level 4. HP: 28/38 MP: 4/4
  1050 | D:2      | Found a shimmering altar of Xom.
  1215 | D:2      | Noticed Sigmund
  1228 | D:2      | Killed Sigmund
  1228 | D:2      | Reached XP level 5. HP: 28/45 MP: 5/5
  1521 | D:3      | Reached XP level 6. HP: 45/51 MP: 6/6
  1810 | D:3      | Found a faded altar of an unknown god.
  2039 | D:4      | Reached skill level 5 in Shields
  2074 | D:4      | Found a radiant altar of Vehumet.
  2171 | D:4      | Found an opulent altar of Gozag.
  2218 | D:4      | Your scales start taking on a glossy black colour.
  2218 | D:4      | Reached XP level 7. HP: 38/57 MP: 4/7
  2218 | D:4      | Gained mutation: You are resistant to electric shocks. (rElec) [Black Draconian growth]
  2265 | D:4      | Noticed KristoblXynda's ghost (novice DgFi)
  2298 | D:4      | Killed KristoblXynda's ghost
  2298 | D:4      | Reached skill level 5 in Long Blades
  2298 | D:4      | Reached skill level 5 in Dodging
  2754 | D:4      | Reached XP level 8. HP: 51/63 MP: 6/8
  2968 | D:5      | Entered Level 5 of the Dungeon
  3740 | D:6      | Found a staircase to the Ecumenical Temple.
  3750 | Temple   | Entered the Ecumenical Temple
  3770 | Temple   | Became a worshipper of Cheibriados the Contemplative
  3792 | D:6      | Found a glowing drain.
  3821 | Sewer    | Entered a sewer
  3869 | Sewer    | Noticed Purgy
  3885 | Sewer    | Killed Purgy
  4191 | D:6      | Found a hazy altar of Hepliaklqana.
  4359 | D:6      | Reached * piety under Cheibriados
  4652 | D:6      | Reached XP level 9. HP: 70/70 MP: 9/9
  4812 | D:6      | Found a deep blue altar of Sif Muna.
  5165 | D:6      | Identified Sif Muna's Papyrus of Envenoming
  5235 | D:7      | Learned a level 3 spell: Regeneration
  5249 | D:7      | Found a sacrificial altar of Ru.
  5616 | D:8      | Reached ** piety under Cheibriados
  5845 | D:8      | Found a hide-covered altar of Uskayaw.
  5915 | D:8      | Reached skill level 1 in Invocations
  5965 | D:8      | Noticed a hill giant
  5979 | D:8      | Killed a hill giant
  6022 | D:8      | Reached XP level 10. HP: 30/77 MP: 6/11
  6258 | D:8      | You fall through a shaft for 3 floors!
  6261 | D:11     | Found Wauxzel's Gadget Boutique.
  6305 | D:11     | Found Gyrph's Assorted Antiques.
  6313 | D:11     | Bought a scroll labeled INAMUF YTOD for 29 gold pieces
  6320 | D:11     | Noticed McCoppin's ghost (journeyman HaHu)
  6340 | D:10     | Entered Level 10 of the Dungeon
  6367 | D:10     | Reached *** piety under Cheibriados
  6423 | D:10     | Noticed a hill giant
  6424 | D:10     | Noticed a hill giant
  6437 | D:10     | Killed a hill giant
  6741 | D:9      | HP: 3/77 [dream sheep (3)]
  6742 | D:9      | HP: 1/77 [dream sheep (2)]
  6745 | D:9      | Reached skill level 5 in Invocations
  6982 | D:9      | Noticed a three-headed hydra
  7038 | D:9      | Killed a one-headed hydra
  7038 | D:9      | Reached skill level 10 in Shields
  7045 | D:9      | Reached skill level 10 in Long Blades
  7229 | D:9      | Found a glowing silver altar of Zin.
  7229 | D:9      | Found an opulent altar of Gozag.
  7776 | D:9      | Found a staircase to the Lair.
  7785 | Lair:1   | Entered Level 1 of the Lair of Beasts
  7809 | Lair:1   | Learned a level 3 spell: Spectral Weapon
  8250 | D:10     | Killed a hill giant
  8250 | D:10     | Reached XP level 11. HP: 23/82 MP: 5/15
  8376 | D:10     | Found Guecaur's Weapon Boutique.
  8462 | D:10     | Reached **** piety under Cheibriados
  8618 | D:10     | Noticed Sonja
  8630 | D:10     | Gained mutation: Your spells are a little easier to cast, but a little less powerful. [potion of mutation]
  8630 | D:10     | Gained mutation: You evolve. [potion of mutation]
  8630 | D:10     | Gained mutation: You are agile. (Dex +2) [potion of mutation]
  8712 | D:10     | Noticed a hill giant
  8724 | D:10     | Killed a hill giant
  9103 | D:10     | Killed Sonja
  9210 | D:11     | Noticed KristoblXynda's ghost (journeyman DrEn)
  9217 | D:11     | Found Foib's Book Boutique.
  9535 | D:11     | Noticed a hill giant
  9537 | D:11     | Killed KristoblXynda's ghost
  9542 | D:11     | Mangled by a hill giant

Vault maps used:
D:1:      dpeg_arrival_morbid_curiosity, minmay_box_of_dots
D:2:      xom_teletrap_fun, uniq_sigmund
D:3:      chequers_ecumenical_altar_simple
D:4:      fiery_altar_vehumet, first_bread, grunt_gozag_statues
D:6:      minmay_opposing_rooms, led_sif_book, marbit_many_paths,
          portal_sewer_entry_c
D:7:      nicolae_ru_sacrificial_ziggurat, minmay_stone_trees_small
D:8:      lemuel_doored_altar
D:9:      grunt_temple_overflow_gold_and_silver, grunt_lair_entry_orc_guard_hut,
          hangedman_ranch
D:10:     serial_shops, kennysheep_mini, uniq_sonja
D:11:     david_orc_4, serial_shops, kennysheep_mini_moat,
          nicolae_shop_temple_entry_statues_fountains, shop, shop, shop
Temple:   nicolae_temple_god_jail
Lair:1:   serial_bayou_ford_a, beast_lair_carwin_7, serial_bayou_shore_a
Sewer:    kennysheep_door_sewer

Skill      XL: |  1  2  3  4  5  6  7  8  9 10 11 |
---------------+----------------------------------+-----
Dodging        | 3 4 5 6 7 |  7.7
Long Blades    | 3 4 5 7 8 10 | 10.8
Shields        | 4 5 6 7 8 10 | 10.8
Invocations    | 2 6 7 |  7.4
Fighting       | |  3.2

Action                   |  1- 3 |  4- 6 |  7- 9 | 10-12 || total
-------------------------+-------+-------+-------+-------++-------
Melee: Long sword        |    91 |   148 |   509 |   355 ||  1103
       Tailslap          |     8 |    28 |   100 |    85 ||   221
       Hand axe          |       |       |       |     4 ||     4
Throw: Throwing net      |       |       |       |     2 ||     2
       Javelin           |       |       |       |     1 ||     1
 Abil: Breathe Lightning |       |       |     5 |     7 ||    12
Evoke: Wand              |       |       |     3 |       ||     3
  Use: Potion            |     2 |     2 |     4 |     6 ||    14
       Scroll            |       |    10 |    14 |     7 ||    31
 Stab: Sleeping          |     1 |       |     4 |     3 ||     8
       Held in net/web   |       |       |       |     1 ||     1
  Eat: Chunk             |       |     4 |     9 |     1 ||    14
       Beef jerky        |       |       |     1 |       ||     1
       Royal jelly       |       |       |     1 |     2 ||     3
       Fruit             |       |       |       |     1 ||     1
       Pizza             |       |       |       |     1 ||     1
Armor: Skin              |    41 |    46 |    97 |    57 ||   241
Dodge: Dodged            |    57 |    88 |   286 |   193 ||   624
Block: Shield            |    75 |    88 |   293 |   259 ||   715
       Rpst.: Long sword |    14 |    22 |    93 |    60 ||   189
